 Dungeon Crawl Stone Soup version 0.30.2 (webtiles) character file.

Game seed: 5397996402920143562

238 porpoise the Shooter (level 6, -4/47 HPs)
             Began as a Human Hunter on Mar 13, 2024.
             Slain by a gnoll
             ... wielding a +0 spear
              (6 damage)
             ... on level 4 of the Dungeon.
             The game lasted 00:06:33 (3242 turns).

porpoise the Shooter (Human Hunter)                 Turns: 3242, Time: 00:06:33

Health: -4/47      AC:  4    Str: 11    XL:     6   Next: 28%
Magic:  6/6        EV: 12    Int: 10    God:
Gold:   202        SH:  0    Dex: 18    Spells: 5/5 levels left

rFire   . . .        a - +0 shortbow
rCold   . . .        (shield currently unavailable)
rNeg    . . .        c - +0 leather armour
rPois   .            g - +0 hat
rElec   .            (no cloak)
rCorr   .            j - +0 pair of gloves
SInv    .            (no boots)
Will    +....        (no amulet)
Stlth   ++           q - ring of willpower
HPRegen 0.27/turn    (no ring)
MPRegen 0.10/turn

%: no passive effects
@: no status effects
A: no striking features
a: no special abilities


You were on level 4 of the Dungeon.
You visited 1 branch of the dungeon, and saw 4 of its levels.

You collected 202 gold pieces.

Inventory:

Hand Weapons
 a - a +0 shortbow (weapon)
Missiles
 l - 8 poisoned darts
Armour
 c - a +0 leather armour (worn)
 g - a +0 hat (worn)
 j - a +0 pair of gloves (worn)
Jewellery
 q - a ring of willpower (left hand)
Wands
 p - a wand of roots (4)
Scrolls
 b - 2 scrolls of immolation
 d - 4 scrolls of teleportation
 i - a scroll of vulnerability
 k - a scroll of noise
 o - a scroll of blinking {unknown}
 r - a scroll of torment {unknown}
Potions
 e - 2 potions of berserk rage
 f - a potion of might
 h - a potion of curing
 m - 2 potions of ambrosia
 n - a potion of lignification {unknown}
 s - a potion of degeneration {unknown}


   Skills:
 + Level 3.4 Fighting
 * Level 5.8 Ranged Weapons
 - Level 2.0 Dodging
 + Level 3.1 Stealth


You had 5 spell levels left.
You didn't know any spells.
Your spell library contained the following spells:

 Spells                   Type           Power      Damage    Failure   Level
 Magic Dart               Conj           0%         1d3       45%         1
 Call Imp                 Summ           0%         N/A       58%         2
 Mephitic Cloud           Conj/Pois/Air  0%         N/A       83%         3


Dungeon Overview and Level Annotations

Branches:
Dungeon (4/15)
 Temple: D:4-7

Altars:
Cheibriados
Nemelex Xobeh
Okawaru


Message History

Things that are here:
a +0 whip; a gnoll corpse You are too injured to fight recklessly!
You are too injured to fight recklessly!
You shoot an arrow. The arrow hits the gnoll.
The gnoll is lightly wounded.
The gnoll hits you with a +0 halberd.
* * * LOW HITPOINT WARNING * * *
You shoot an arrow. The arrow hits the gnoll.
The gnoll is heavily wounded.
The gnoll closely misses you.
You shoot an arrow. The arrow hits the gnoll.
The gnoll is severely wounded.
The gnoll hits you with a +0 halberd!
* * * LOW HITPOINT WARNING * * *
You shoot an arrow.
The arrow hits the gnoll but does no damage.
The gnoll is severely wounded.
The gnoll barely misses you. The gnoll misses you.
You shoot an arrow. The arrow closely misses the gnoll.
The gnoll barely misses you.
Do you really want to go berserk while wielding your +0 shortbow? [Y]es or [N]o only, please.
Do you really want to go berserk while wielding your +0 shortbow?
Okay, then.
It was a potion of curing.
You feel better. The gnoll hits you with a +0 halberd.
* * * LOW HITPOINT WARNING * * *
You shoot an arrow. The arrow hits the gnoll!
You kill the gnoll!
You hear a shout!
You shoot an arrow. The arrow completely misses the gnoll.
The gnoll hits you with a +0 spear.
* * * LOW HITPOINT WARNING * * *
You shoot an arrow. The arrow hits the gnoll.
The gnoll is heavily wounded.
The gnoll hits you with a +0 spear.
* * * LOW HITPOINT WARNING * * *
The gnoll hits you with a +0 spear.
You die...

## #.....###. .
###[#...#. ##.
#.#####. #.) #
#..<.... #...#####.#
#.#..... .
#...#...#.####.......
#g##
#.....##....#.###.
##..o ##...###.#....#
#.
#.....#@###.##.#..###
#. #g..#...#....# #.
#..(#...####.# #.
#...#...# #.# #.
.#.###.## #.# #.
.###...## #.# #. ##
#.....## #.# ##
#...#...#.# #.# #..
#####.# #.#


You could see a gnoll.

Vanquished Creatures
  A water moccasin (D:3)
  A sleepcap (D:4)
  2 gnolls (D:4)
  2 adders
  A dart slug (D:4)
  5 orcs (D:4)
  2 bats (D:3)
  4 endoplasms
  2 giant cockroaches (D:1)
  11 goblins
  8 hobgoblins
  5 kobolds
  3 quokkas
  4 ball pythons
  5 frilled lizards
  3 rats
59 creatures vanquished.

Notes
Turn   | Place    | Note
-------+----------+-------------------------------------------
     0 | D:1      | porpoise the Human Hunter began the quest for the Orb.
     0 | D:1      | Reached XP level 1. HP: 16/16 MP: 1/1
    22 | D:1      | Found a faded altar of an unknown god.
   115 | D:1      | Reached XP level 2. HP: 22/22 MP: 2/2
   681 | D:1      | Reached XP level 3. HP: 27/27 MP: 3/3
  1292 | D:2      | Reached XP level 4. HP: 34/34 MP: 4/4
  1800 | D:3      | Found an iron altar of Okawaru.
  1844 | D:3      | Found a sparkling altar of Nemelex Xobeh.
  1917 | D:3      | Noticed a water moccasin
  1928 | D:3      | Killed a water moccasin
  1929 | D:3      | Reached skill level 5 in Ranged Weapons
  1929 | D:3      | Reached XP level 5. HP: 8/41 MP: 5/5
  2729 | D:4      | Found a snail-covered altar of Cheibriados.
  2746 | D:4      | Reached XP level 6. HP: 6/47 MP: 6/6
  3242 | D:4      | HP: 2/47 [gnoll/+0 spear (6)]
  3242 | D:4      | Slain by a gnoll

Illustrated notes

Levels and vault maps discovered:
D:1:      heliophobic_arrival_battle_scene, layout_loops_corners,
          ebering_ecumenical_altar_box, dk_noncrumbling_3
D:2:      cheibrodos_helix_gallery, layout_basic, st_stairs_8,
          minmay_heptomino_d4
D:3:      layout_loops_ring, nicolae_overflow_crystal_walls,
          okawaru_metal_pillars_3, kennysheep_nub
D:4:      nicolae_cairo_tiling, layout_basic, mainiacjoe_overflow_brackets

Skill      XL: |  1  2  3  4  5 |
---------------+----------------+-----
Stealth        | 2 3 |  3.1
Fighting       | 3 |  3.4
Ranged Weapons | 5 |  5.8
Dodging        | |  2.0

Action                     |  1- 3 |  4- 6 || total
---------------------------+-------+-------++-------
   Fire: Shortbow          |    78 |   102 ||   180
    Use: Scroll            |     1 |     5 ||     6
         Potion            |       |     1 ||     1
 Armour: Leather armour    |     3 |    16 ||    19
  Dodge: Dodged            |    14 |    43 ||    57
